 Dungeon Crawl Stone Soup version 0.19-a0-981-gaae9137 (webtiles) character file.

163 HAL9000 the Ruffian (level 5, -2/40 HPs)
             Began as a Draconian Transmuter on July 14, 2016.
             Killed by divine providence
             ... invoked by an orc priest
              (13 damage)
             ... on level 3 of the Dungeon.
             The game lasted 00:04:02 (2660 turns).

HAL9000 the Ruffian (Draconian Transmuter)          Turns: 2660, Time: 00:04:03

Health: -2/40      AC:  5    Str: 13    XL:     5   Next: 20%
Magic:  1/8        EV: 12    Int: 14    God:
Gold:   114        SH:  0    Dex: 11    Spells: 3 memorised, 2 levels left

rFire  . . .     SeeInvis .       - Unarmed
rCold  + . .     Gourm    .     (armour unavailable)
rNeg   . . .     Faith    .     (no shield)
rPois  .         Spirit   .     (helmet restricted)
rElec  .         Dismiss  +     (no cloak)
rCorr  .         Reflect  .     (no gloves)
SustAt .         Harm     .     (no boots)
MR     .....                    p - amulet of dismissal (curse)
Stlth  +.........               (no ring)
                                l - ring of protection from cold

@: appendage (expiring), very slightly contaminated, not resistant to hostile
enchantments, very unstealthy
A: unfitting armour, horns 2, cold-blooded, AC +5
a: End Transformation


You were on level 3 of the Dungeon.
You were not hungry.
You had grown temporary horns.
You visited 1 branch of the dungeon, and saw 3 of its levels.

You collected 114 gold pieces.

Inventory:

Missiles
 v - 2 throwing nets (quivered)
Jewellery
 l - a ring of protection from cold (left hand)
 p - a cursed amulet of dismissal (around neck)
Scrolls
 e - a scroll of teleportation {unknown}
 f - 5 scrolls of identify {unknown}
 k - a scroll of magic mapping {unknown}
 n - a scroll of noise {unknown}
 t - a scroll of remove curse {unknown}
Potions
 d - a potion of degeneration {unknown}
 h - a potion of curing
 i - a potion of agility {unknown}
 j - 2 potions of haste {unknown}
 o - a potion of mutation {unknown}
 r - a potion of heal wounds {unknown}
 s - a potion of berserk rage {unknown}
 w - a potion of brilliance {unknown}
Books
 b - a book of Changes

   Spells                             Type                      Level
   a - Beastly Appendage              Transmutation                1
   b - Sticks to Snakes               Transmutation                2
   c - Spider Form                    Transmutation/Poison         3
   d - Ice Form                       Ice/Transmutation            4
   e - Blade Hands                    Transmutation                5
Comestibles
 c - 3 bread rations
 g - 2 royal jellies


   Skills:
 - Level 1.1 Fighting
 - Level 1.7 Dodging
 + Level 4.7 Unarmed Combat
 - Level 2.0 Spellcasting
 + Level 4.0 Transmutations


You had 2 spell levels left.
You knew the following spells:

 Your Spells              Type           Power        Failure   Level  Hunger
a - Beastly Appendage     Tmut           ##....       4%          1    ##.....
b - Sticks to Snakes      Tmut           ##......     10%         2    ###....
c - Spider Form           Tmut/Pois      #.........   30%         3    ####...


Dungeon Overview and Level Annotations

Branches:
Dungeon (3/15)

Altars:

Annotations:
D:2 Robin


Innate Abilities, Weirdness & Mutations

Your plain brown scales are hard. (AC +5)
Your body does not fit into most forms of armour.
You are cold-blooded and may be slowed by cold attacks.
You have a pair of horns on your head.


Message History

* * * LOW HITPOINT WARNING * * *
You feel sick.
Your ball python bites the adder.
The adder dies!
Your ball python bites the orc priest but does no damage.
Your ball python barely misses the orc priest.
The orc priest casts a cantrip, but nothing happens.
Your ball python bites the orc.
Your ball python grabs the orc.
Your ball python constricts the orc.
It was a potion of curing.
You feel better. The jackal bites you.
* * * LOW HITPOINT WARNING * * *
The orc hits your ball python with a hand axe.
Your ball python dies!
Your ball python bites the orc priest.
Your ball python closely misses the orc priest.
Unknown command.
Your ball python bites the orc priest but does no damage.
Your ball python barely misses the orc priest.
The orc priest mumbles some strange prayers to Beogh against you.
Beogh smites you!
You die...

...'.....g....'........
##.....###.##........ #.....#
#.##........
#.....###+##........
#######.............
#............. ##########
#.............
.........#########
#.......######
............o..h@#####'########
<........oo..###..# #.........#
..####...S...# ##.# #.........#
. #.......# #.# #.........#
#.......# #.# #.........#
.....##### #.###.........#
......# ######..##.........#
#...... .........#.........# ..
.........##.########


You could see an orc priest, 2 orcs, a jackal and a friendly ball python.

Vanquished Creatures
  An iguana (D:2)
  3 gnolls
  2 adders (D:3)
  2 worms (D:2)
  A dart slug (D:2)
  8 bats
  3 giant cockroaches
  12 goblins
  9 hobgoblins
  A quokka (D:2)
  A ball python (D:3)
  3 giant newts (D:1)
  4 kobolds (D:1)
  6 rats
56 creatures vanquished.

Vanquished Creatures (collateral kills)
  3 adders
  A worm (D:2)
  2 jackals (D:3)
  A bat (D:2)
  A giant newt (D:3)
8 creatures vanquished.

Grand Total: 64 creatures vanquished

Notes
Turn   | Place    | Note
-------+----------+-------------------------------------------
     0 | D:1      | HAL9000 the Draconian Transmuter began the quest for the Orb.
     0 | D:1      | Reached XP level 1. HP: 16/16 MP: 3/3
    82 | D:1      | Reached XP level 2. HP: 13/23 MP: 3/5
   308 | D:1      | Learned a level 2 spell: Sticks to Snakes
   860 | D:1      | Reached XP level 3. HP: 26/28 MP: 4/6
  1038 | D:2      | Noticed Robin
  1345 | D:2      | Reached XP level 4. HP: 31/35 MP: 1/7
  1411 | D:2      | Learned a level 3 spell: Spider Form
  2158 | D:3      | Reached XP level 5. HP: 26/40 MP: 2/8
  2660 | D:3      | Killed from afar by an orc priest

Vault maps used:
D:1:      lightli_arrival_windingriver, serial_bayou, serial_bayou_pond_c,
          serial_bayou_pond_d, serial_bayou_shore_a, serial_bayou_pond_e,
          minmay_distorted
D:2:      first_bread, uniq_robin

Skill      XL: |  1  2  3  4  5 |
---------------+----------------+-----
Transmutations | 3 4 |  4.0
Unarmed Combat | 4 |  4.7
Fighting       | |  1.1
Dodging        | |  1.7
Spellcasting   | |  2.0

Action                   |  1- 3 |  4- 6 || total
-------------------------+-------+-------++-------
Melee: Unarmed           |   110 |    88 ||   198
       Tailslap          |    15 |     7 ||    22
       Headbutt          |     5 |     5 ||    10
       Kick              |     8 |     2 ||    10
       Punch             |     3 |       ||     3
 Cast: Beastly Appendage |    17 |     5 ||    22
       Sticks to Snakes  |     6 |     6 ||    12
       Spider Form       |       |     2 ||     2
  Use: Potion            |       |     1 ||     1
  Eat: Chunk             |     2 |     6 ||     8
Armor: Skin              |    50 |    37 ||    87
Dodge: Dodged            |    99 |    63 ||   162
